Map: Dusk Towers

Players

Miszu - Winner!

  • Race: Terran Terran
  • League: Master

Chubz

  • Race: Protoss Protoss
  • League: Master

VOD

Have the link to the VOD?

Description

Time

  • Played on: March 27, 2016, 4:34 p.m.
  • Length: 7:02
Show
View Real Time Build Order
Export as new Build Order

Miszu Terran - Winner!

Build Orders:  

Get SALT Encoding   

  12  0:00  SCV  
  13  0:12  SCV  
  14  0:17  Supply Depot  
  14  0:24  SCV  
  15  0:39  SCV  
  15  0:41  Barracks  
  16  0:44  Refinery  
  16  0:51  SCV  
  17  1:03  SCV  
  18  1:15  SCV  
  19  1:27  Orbital Command  
  19  1:29  Barracks Reactor  
  19  1:41  Command Center  
  19  1:47  Supply Depot  
  19  1:53  SCV  
  20  2:05  SCV  
  21  2:10  Factory  
  21  2:12  Refinery  
  21  2:17  SCV  
  21  2:18  Marine x2  
  24  2:29  SCV  
  25  2:39  Marine x2  
  25  2:40  Factory  
  25  2:41  SCV  
  28  2:53  SCV, Orbital Command  
  29  3:04  Barracks Reactor  
  30  3:05  SCV  
  30  3:10  Hellion x2  
  34  3:17  Factory  
  35  3:20  SCV x2  
  36  3:31  Hellion  
  36  3:32  SCV  
  36  3:33  Hellion  
  41  3:37  SCV  
  42  3:41  Supply Depot  
  42  3:44  SCV  
  42  3:48  Hellion  
  45  3:50  SCV  
  46  4:03  Hellion, SCV x2  
  46  4:04  Supply Depot  
  46  4:06  Factory Tech Lab  
  46  4:08  Hellion x2  
  54  4:13  Armory  
  54  4:25  SCV  
  54  4:26  Hellion  
  55  4:36  Hellion  
  55  4:37  Hellion x2  
  58  4:38  Cyclone  
  58  4:47  Hellion  
  60  4:58  Hellion x2  
  62  5:01  Supply Depot  
  62  5:03  Hellion  
  64  5:09  Hellion  
  64  5:11  Hellion  
  64  5:13  Infernal Pre-Igniter  
  68  5:19  Hellion x2  
  64  5:26  Hellion  
  58  5:30  Hellion  
  44  5:47  Hellion x2  
  44  5:48  Hellion  
  44  5:49  Cyclone  
  51  5:50  SCV  
  51  5:51  Hellion  
  51  5:52  SCV  
  55  6:02  SCV  
  56  6:04  SCV  
  56  6:08  Hellion  
  59  6:14  SCV  
  59  6:16  SCV  
  54  6:28  Hellion x3  
  54  6:30  Cyclone  
  54  6:32  SCV  
  64  6:34  SCV  
Show
View Real Time Build Order
Export as new Build Order

Chubz Protoss 

Build Orders: 1 Gate Expand 

Get SALT Encoding   

  12  0:01  Probe (Chrono Boost)  
  13  0:11  Probe (Chrono Boost)  
  14  0:18  Pylon  
  14  0:22  Probe (Chrono Boost)  
  15  0:36  Probe (Chrono Boost)  
  15  0:37  Gateway  
  16  0:43  Assimilator  
  16  0:46  Probe (Chrono Boost)  
  18  0:57  Probe (Chrono Boost)  
  18  1:07  Probe (Chrono Boost)  
  19  1:20  Nexus  
  19  1:24  Probe (Chrono Boost)  
  20  1:32  Cybernetics Core  
  20  1:34  Probe (Chrono Boost)  
  21  1:43  Assimilator  
  21  1:45  Probe (Chrono Boost)  
  22  1:51  Pylon  
  22  1:55  Probe (Chrono Boost)  
  23  2:09  Probe (Chrono Boost)  
  23  2:10  Adept (Chrono Boost), Warp Gate  
  26  2:21  Probe  
  27  2:26  Twilight Council  
  27  2:31  Probe (Chrono Boost)  
  27  2:33  Probe (Chrono Boost)  
  27  2:37  Adept  
  31  2:42  Probe (Chrono Boost)  
  32  2:44  Probe (Chrono Boost)  
  33  2:53  Probe (Chrono Boost)  
  33  2:55  Probe (Chrono Boost)  
  33  2:57  Robotics Facility  
  35  3:02  Resonating Glaives  
  35  3:03  Probe (Chrono Boost)  
  35  3:04  Adept  
  35  3:05  Probe (Chrono Boost)  
  39  3:14  Probe (Chrono Boost)  
  39  3:16  Probe (Chrono Boost)  
  39  3:17  Pylon  
  41  3:24  Probe (Chrono Boost)  
  41  3:26  Probe (Chrono Boost)  
  43  3:35  Probe (Chrono Boost)  
  43  3:39  Gateway  
  43  3:40  Gateway  
  43  3:41  Gateway  
  44  3:45  Warp Prism (Chrono Boost)  
  46  3:56  Gateway  
  46  3:57  Gateway  
  46  4:03  Gateway  
  46  4:07  Gateway  
  46  4:13  Adept  
  48  4:17  Warp Prism (Chrono Boost)  
  38  4:43  Adept  
  37  4:58  Adept  
  36  5:15  Adept x7  
  26  5:50  Probe  
  26  5:51  Probe  
  28  6:03  Probe  
  28  6:04  Adept x8  
  35  6:36  Adept x6  
  35  6:53  Adept x2  
Tags
 
Add a new tag
Caveats
  • Supply blocks, unpowered buildings, or Contaminate may cause inaccurate times.
  • Supply counts are checked every 10 seconds.